 Dungeon Crawl Stone Soup version 0.31-a0-204-g7da18cac08 (webtiles) character file.

Game seed: 467159903648012904

257 kae the Changer (level 5, -2/40 HPs)
             Began as a Draconian Transmuter on June 27, 2023.
             Killed from afar by an orc wizard (5 damage)
             ... with a magic dart
             ... on level 4 of the Dungeon.
             The game lasted 00:03:03 (3419 turns).

kae the Changer (Draconian Transmuter)              Turns: 3419, Time: 00:03:03

Health: -2/40      AC:  2    Str: 12    XL:     5   Next: 93%
Magic:  3/9        EV: 19    Int: 16    God:
Gold:   108        SH:  0    Dex: 16    Spells: 4/10 levels left

rFire   . .          .
                       - Unarmed
rCold   + . .        (shield currently unavailable)
rNeg    . . .        (body armour unavailable)
rPois   x            (helmet currently unavailable)
rElec   .            (cloak currently unavailable)
rCorr   .            (gloves currently unavailable)
SInv    .            (boots currently unavailable)
Will    .....        (no amulet)
Stlth   +            C - ring of protection from cold
HPRegen 0.26/turn    (no ring)
MPRegen 0.11/turn

%: no passive effects
@: spider-form
A: venomous fangs, AC +5, tiny, unfitting armour, (cold-blooded)
a: End Transformation


You were on level 4 of the Dungeon.
You were a venomous arachnid creature.
You visited 1 branch of the dungeon, and saw 4 of its levels.

You collected 108 gold pieces.


Innate Abilities, Weirdness & Mutations

You are a venomous arachnid creature.
You have venomous fangs.
You are tiny and dextrous.
Your spellcasting is less reliable in this form.
Your armour is entirely melded.
You are incapable of wielding weapons or throwing items.
((Your plain brown scales are hard. (AC +5)))
You cannot fit into any form of body armour.
((You are cold-blooded and may be slowed by cold attacks.))


   Skills:
 - Level 1.1 Fighting
 - Level 1.7 Dodging
 + Level 4.2 Unarmed Combat
 + Level 3.0 Spellcasting
 * Level 4.2 Transmutations
 - Level 2.0 Poison Magic


You had 4 spell levels left.
You knew the following spells:

 Your Spells              Type           Power      Damage    Failure   Level
a - Beastly Appendage     Tmut           32%        N/A       11%         1
b - Wereblood             Tmut           16%        N/A       14%         2
c - Spider Form           Tmut/Pois      12%        N/A       34%         3

Your spell library contained the following spells:

 Spells                   Type           Power      Damage    Failure   Level
 Poisonous Vapours        Pois/Air       10%        N/A       38%         2
 Mephitic Cloud           Conj/Pois/Air  4%         N/A       61%         3
 Stone Arrow              Conj/Erth      4%         3d7       71%         3
 Ice Form                 Ice/Tmut       9%         N/A       80%         4
 Freezing Cloud           Conj/Ice/Air   1%         6-21      100%        5
 Lehudib's Crystal Spear  Conj/Erth      1%         10d2      100%        8
 Animate Armour           Summ/Erth      Unusable   N/A       N/A         4

Inventory:

Missiles
 c - 2 poisoned darts
 h - 16 stones
Jewellery
 C - a ring of protection from cold (left front pincers)
   (You found it on level 1 of the Dungeon)
Wands
 m - a wand of paralysis (8)
   (You found it on level 4 of the Dungeon)
Scrolls
 f - 2 scrolls of teleportation {@r4}
 g - a scroll of immolation {!r!r}
 i - a scroll of amnesia
 l - a scroll of fear
Potions
 a - 3 potions of lignification {!q}
 b - a potion of degeneration {!q}
 d - a potion of invisibility
 j - a potion of berserk rage {unknown}
 k - a potion of haste {@q3}
 n - a potion of resistance {unknown}

Dungeon Overview and Level Annotations

Branches:
Dungeon (4/15) Zot: 20594
 Temple: D:4-7

Altars:
Dithmenos
Xom

Annotations:
D:3 2 runed translucent doors, Sigmund

...........'.......).............
.....#######...............##!...
.....# #[......#.......###...
.....# #.......#####...# #...
.....# #.......# #...# #..[
.....#### #####.### #...# #...
........# #.# ###.# #...
...)....# #)# #.###... †.......#
#s# #..##... ........# #{##
##.##... ........# #g.# #.##...
........# ##.# #..+... ........#
###..# #..#... ######### #....#
#...... # #....# #.####. #
#.....# #.# #. # #....## #.# #.


You could see a goblin.


Message History

The orc wizard casts a spell.
The orc wizard flickers and vanishes! 😕 HP[-9]
You take 9 damage, and now have 31/40 hp.
MASSIVE DAMAGE!! (PAUSE)
You hit the orc warrior but do no damage.
The orc warrior closely misses you.
Unknown command.
You hit the orc warrior. The orc warrior closely misses you.
You hit the orc warrior but do no damage.
The orc warrior looks as sick as possible!
The orc warrior hits you with a +0 long sword!
* * * LOW HITPOINT WARNING * * *
😨 HP[-11]
You take 11 damage, and now have 20/40 hp.
MASSIVE DAMAGE!! (PAUSE)
You hit the orc warrior but do no damage.
You feel a bit better.
You kill the orc warrior!
Training target 2.0 for Poison Magic reached!
Your Unarmed Combat skill increases to level 4!
Your Spellcasting skill increases to level 3!
Your Transmutations skill increases to level 4!
Your Poison Magic skill increases to level 2! 😮 HP[+4]
You regained 4 hp, and now have 24/40 hp.
Unknown command.
You hiss as the wereblood boils in your veins!
You hear a shout!
Something hits you.
A goblin comes into view. It is wielding a +0 dagger.
You hear a shout!
Items here: ! $ ) ? [. 😮 HP[-2]
You take 2 damage, and now have 22/40 hp.
Unknown command.
You closely miss something.
You hiss as the wereblood boils in your veins!
You hear some strange, mumbled words.
You are confused.
You bump into the rock wall.
You hiss as the wereblood boils in your veins!
Something hits you.
* * * LOW HITPOINT WARNING * * *
😨 HP[-3]
You take 3 damage, and now have 19/40 hp.
Unknown command.
You bump into the rock wall.
Something hits you but does no damage. 😨 HP[+1] MP[+1]
You bump into the rock wall.
Your transformation has ended.
Your primal bloodlust is almost over.
Something hits you.
* * * LOW HITPOINT WARNING * * *
Unknown command. 😨 HP[-2]
You take 2 damage, and now have 18/40 hp.
You bump into the rock wall.
You howl as the wereblood boils in your veins!
Something hits you.
* * * LOW HITPOINT WARNING * * *
😨 HP[-4]
You take 4 damage, and now have 14/40 hp.
Unknown command.
You bump into the rock wall.
You hear some strange, mumbled words.
A puff of flame appears from out of thin air!
The puff of flame hits you!
* * * LOW HITPOINT WARNING * * *
😱 HP[-9]
You take 9 damage, and now have 5/40 hp.
MASSIVE DAMAGE!! (PAUSE)
You feel better.
Something hits you but does no damage. 😨 HP[+9]
You regained 9 hp, and now have 14/40 hp.
Casting: Wereblood (safe; 4% risk of failure)
Confirm with . or Enter, or press ? or * to list all spells.
You turn into a venomous arachnid creature.
You hiss as the wereblood boils in your veins!
You hear some strange, mumbled words.
A magic dart appears from out of thin air!
The magic dart hits you!
* * * LOW HITPOINT WARNING * * *
Something closely misses you. 😱 HP[-8] MP[-3]
You take 8 damage, and now have 6/40 hp.
You lost 3 mp, and now have 3/9 mp.
A goblin is nearby!
You barely miss something.
Your primal bloodlust has ended.
You hear some strange, mumbled words.
A magic dart appears from out of thin air!
The magic dart hits you.
* * * LOW HITPOINT WARNING * * *
😱 HP[-4]
You take 4 damage, and now have 2/40 hp.
You barely miss something.
You hear some strange, mumbled words.
A magic dart appears from out of thin air!
The magic dart hits you.
You die...

Skill      XL: |  1  2  3  4  5 |
---------------+----------------+-----
Transmutations | 3 4 |  4.2
Poison Magic   | 1 2 |  2.0
Unarmed Combat | 4 |  4.2
Spellcasting   | 3 |  3.0
Fighting       | |  1.1
Dodging        | |  1.7

Action                     |  1- 3 |  4- 6 || total
---------------------------+-------+-------++-------
  Melee: Unarmed           |   111 |    80 ||   191
         Kick              |    24 |    14 ||    38
         Tailslap          |    10 |     4 ||    14
         Headbutt          |    10 |     8 ||    18
         Punch             |       |     1 ||     1
   Cast: Beastly Appendage |    28 |    18 ||    46
         Wereblood         |     2 |     1 ||     3
         Spider Form       |       |     3 ||     3
    Use: Scroll            |     8 |     4 ||    12
         Potion            |       |     1 ||     1
 Armour: Skin              |    39 |    27 ||    66
  Dodge: Dodged            |    61 |    57 ||   118

Levels and vault maps discovered:
D:1:      giann_forest_graveyard, layout_loops_ring,
          hellmonk_ecumenical_altar_blasted
D:2:      layout_basic, mrwooster_statue_mirror, chequers_decorated_corner
D:3:      due_chaos_kobolds, layout_basic, uniq_sigmund
D:4:      minmay_opposing_rooms, layout_basic, mainiacjoe_overflow_24_doors

Notes
Turn   | Place    | Note
-------+----------+-------------------------------------------
     0 | D:1      | kae the Draconian Transmuter began the quest for the Orb.
     0 | D:1      | Reached XP level 1. HP: 16/16 MP: 3/3
     0 | D:1      | magus.rc [v1.11.3]
   114 | D:1      | HP: 4/16 [frilled lizard (2)]
   195 | D:1      | Reached XP level 2. HP: 23/23 MP: 0/5
   436 | D:1      | Learned a level 2 spell: Wereblood
   598 | D:1      | Found a faded altar of an unknown god.
   740 | D:2      | Reached XP level 3. HP: 28/28 MP: 2/6
   744 | D:2      | Reached skill level 3 in Transmutations
   755 | D:2      | Learned a level 3 spell: Spider Form
  1659 | D:3      | Found a large runed translucent door.
  1659 | D:3      | Found a large runed translucent door.
  1660 | D:3      | Noticed Sigmund
  1709 | D:3      | Found a shimmering altar of Xom.
  1712 | D:3      | You pick up a book of Vapours and begin reading...
  1712 | D:3      | You add the spells Poisonous Vapours, Mephitic Cloud and
                  | Freezing Cloud to your library.
  1791 | D:3      | You pick up a book of Armaments and begin reading...
  1791 | D:3      | You add the spells Stone Arrow and Lehudib's Crystal Spear
                  | to your library.
  1825 | D:3      | Reached XP level 4. HP: 18/35 MP: 7/7
  2064 | D:3      | Reached skill level 1 in Poison Magic
  2903 | D:4      | Noticed an orc warrior
  3079 | D:4      | Reached XP level 5. HP: 37/40 MP: 2/9
  3224 | D:4      | Found a shadowy altar of Dithmenos.
  3407 | D:4      | Killed an orc warrior
  3408 | D:4      | Reached skill level 4 in Unarmed Combat
  3408 | D:4      | Reached skill level 3 in Spellcasting
  3408 | D:4      | Reached skill level 4 in Transmutations
  3408 | D:4      | Reached skill level 2 in Poison Magic
  3414 | D:4      | HP: 5/40 [something/puff of flame (9)]
  3418 | D:4      | HP: 2/40 [something/magic dart (4)]
  3419 | D:4      | Killed from afar by an orc wizard

Vanquished Creatures
  An orc warrior (D:4)
  A hound (D:4)
  5 adders
  3 dart slugs
  6 orcs
  6 ball pythons
  5 endoplasms
  2 giant cockroaches
  8 goblins
  9 hobgoblins
  4 jackals (D:2)
  3 quokkas
  4 bats
  6 frilled lizards
  4 kobolds (D:4)
  2 rats
69 creatures vanquished.

Table legend:
 A = Non-vault XP
 B = Vault XP
 C = Vault XP percentage of total XP
 D = Non-vault monster count
 E = Vault monster count
 F = Vault count percentage of total count
                 A         B        C        D         E       F
            +---------+---------+-------+---------+---------+-------
      Total |     366 |       2 |   0.5 |      68 |       1 |   1.4
            +---------+---------+-------+---------+---------+-------
        D:1 |      34 |       0 |   0.0 |      20 |       0 |   0.0
        D:2 |      47 |       0 |   0.0 |      18 |       0 |   0.0
        D:3 |      49 |       0 |   0.0 |      16 |       0 |   0.0
        D:4 |     236 |       2 |   0.8 |      14 |       1 |   6.7
            +---------+---------+-------+---------+---------+-------

Skill      XL: |  1  2  3  4  5 |
---------------+----------------+-----
Transmutations | 3 4 |  4.2
Poison Magic   | 1 2 |  2.0
Unarmed Combat | 4 |  4.2
Spellcasting   | 3 |  3.0
Fighting       | |  1.1
Dodging        | |  1.7

Action                     |  1- 3 |  4- 6 || total
---------------------------+-------+-------++-------
  Melee: Unarmed           |   111 |    80 ||   191
         Kick              |    24 |    14 ||    38
         Tailslap          |    10 |     4 ||    14
         Headbutt          |    10 |     8 ||    18
         Punch             |       |     1 ||     1
   Cast: Beastly Appendage |    28 |    18 ||    46
         Wereblood         |     2 |     1 ||     3
         Spider Form       |       |     3 ||     3
    Use: Scroll            |     8 |     4 ||    12
         Potion            |       |     1 ||     1
 Armour: Skin              |    39 |    27 ||    66
  Dodge: Dodged            |    61 |    57 ||   118

Illustrated notes

Table legend:
 A = Kills in this place as a percentage of kills in the entire game.
 B = Kills by you in this place as a percentage of kills by you in the entire game.
 C = Kills by friends in this place as a percentage of kills by friends in the entire game.
 D = Other kills in this place as a percentage of other kills in the entire game.
 E = Experience gained in this place as a percentage of experience gained in the entire game.
 F = Experience gained in this place divided by the number of levels of this place that you have seen.
                   A       B       C       D       E      F
               +-------+-------+-------+-------+-------+----------------------
         Total | 100.0 | 100.0 |   N/A |   N/A | 100.0 |  92.0
       Dungeon | 100.0 | 100.0 |   N/A |   N/A | 100.0 |  92.0
               +-------+-------+-------+-------+-------+----------------------

Table legend: (Time is in decaauts)
 A = Elapsed time spent in this place.
 B = Non-inter-level travel time spent in this place.
 C = Inter-level travel time spent in this place.
 D = Time resting spent in this place.
 E = Time spent auto-exploring this place.
 F = Levels seen in this place.
 G = Mean time per level.
                   A        B        C        D        E       F      G
               +--------+--------+--------+--------+--------+-----+--------+
         Total |   3404 |   3270 |    134 |     77 |   2654 |   4 |  851.0 |
       Dungeon |   3404 |   3270 |    134 |     77 |   2654 |   4 |  851.0 |
               +--------+--------+--------+--------+--------+-----+--------+

Top non-repeatable levels by time:
     D:3: 1072 daAuts
     D:2: 920 daAuts
     D:1: 713 daAuts
     D:4: 698 daAuts
